[Event "Open Nuevo Centro. Jornada 1"]
[Site "Chess.com"]
[Date "2020.06.19"]
[Round "2"]
[White "Grigorev, Artur "]
[Black "Fitzpatrick Dimas  , Andrew "]
[Result "0-1"]
[WhiteElo "863"]
[BlackElo "1424"]
[TimeControl "180+2"]
[EndTime "10:51:49 PDT"]
[Termination "Victoria de Andrewlito por tiempo"]

1. e4 e5 2. Nf3 Nc6 3. Bc4 Bc5 4. b4 Bxb4 5. c3 Ba5 6. d4 Qe7 7. Bg5 f6 8. Be3 d6 9. dxe5 Nxe5 10. Nxe5 Qxe5 11. Bd4 Qxe4+ 12. Be2 Qxg2 13. Bf3 Qh3 14. Qe2+ Qe6 15. Bg4 Qxe2+ 16. Bxe2 Ne7 17. O-O O-O 18.
c4 Bh3 19. Re1 Bxe1 20. Na3 Bb4 21. Nb5 Rfc8 22. Rb1 Nc6 23. Bf3 Bf5 24. Rb3 Nxd4 25. Nxd4 Bh3 26. Bxb7 Re8 27. Nc2 Re1+ 28. Nxe1 Re8 29.
Re3 Rxe3 30. fxe3 Bxe1 31. Kh1 f5 32. Bf3 Bd2 33. Kg1 Bxe3+ 34. Kh1 f4 0

[Event "Open Nuevo Centro. Jornada 1"]
[Site "Chess.com"]
[Date "2020.06.19"]
[Round "2"]
[White "Cebrian Granado, Fran"]
[Black "Mart�nez Cuenca, Jose Andr�s"]
[Result "0-1"]
[WhiteElo "733"]
[BlackElo "1259"]
[TimeControl "180+2"]
[EndTime "10:51:56 PDT"]
[Termination "Victoria de JoseAndres2008 por jaque mate"]

1. e4 c5 2. Nf3 g6 3. Bc4 Nc6 4.
Nc3 Bg7 5. Ng5 e6 6. Nxf7 Kxf7 7.
O-O Bxc3 8. dxc3 d5 9. exd5 exd5 10. Bxd5+ Ke7 11. Bg5+ Nf6 12. Re1+ Kf8 13. Bxf6 Qxf6 14.
Qe2 Bf5 15. Qe3 c4 16. Qh6+ Qg7 17. Qxg7+ Kxg7 18. Bxc4 Bxc2 19. h3 Bf5 20. Re2 Rhe8 21. Rxe8 Rxe8 22. Bd5 Re2 23. Bf3 Rxb2 24. Re1 Rxa2 25. c4 Rc2 26. Bd5 Bd3 27. Kh2 Bxc4 28. Bxc4 Rxc4 29. g3 b5 30. Rb1 b4 31. f3 Nd4 32. f4 b3 33. Kg2 Rc2+ 34. Kf1 b2 35. Ke1 Rc1+ 36. Kd2 Rxb1 37. Kc3 Ne2+ 38. Kc2 Rg1 39.
Kxb2 Rxg3 40. Kc2 Nxf4 41. Kd2 Rxh3 42. Kc2 Re3 43. Kd2 Rh3 44. Ke1 Rh2 45. Kd1 Kf6 46.
Kc1 Ke5 47. Kd1 Ke4 48. Ke1 Kf3 49. Kd1 Ke3 50. Kc1 Kd3 51. Kb1 Kc3 52. Ka1 Kb3 53.
Kb1 Rh1# 0

[Event "Open Nuevo Centro. Jornada 1"]
[Site "Chess.com"]
[Date "2020.06.19"]
[Round "2"]
[White "Gutierrez Lacambra, Jose Antonio"]
[Black "Simarro Peir�, Andr�s"]
[Result "0-1"]
[WhiteElo "1247"]
[BlackElo "999"]
[TimeControl "180+2"]
[EndTime "10:51:59 PDT"]
[Termination "Victoria de AndresSP24 por tiempo"]

1. c4 e5 2. g3 Nf6 3. Bg2 Bc5 4. Nc3 O-O 5. e3 Nc6 6. Nge2 d6 7. O-O Be6 8. d4 exd4 9. exd4 Re8 10. dxc5 Bxc4 11. Re1 dxc5 12. Qxd8 Raxd8 13. Be3 Nb4 14. Rad1 Rxd1 15.
Rxd1 Nc2 16. Nf4 h6 17. Bxc5 b6 18. Be3 Nxe3 19. fxe3 Rxe3 20. Kf2 Re8 21. Bc6 Re5 22. Re1 Ng4+ 23. Kg2 Ne3+ 24. Rxe3 Rxe3 25. Kf2 Re7 26. Bd5 Ba6 27. b3 Rd7 28. Bc4 Bxc4 29. bxc4 Rd2+ 30. Ke3 Rc2 31. Nb5 Rxc4 32. Nxa7 Rc2 33. a4 Rxh2 34.
Nc6 Ra2 35. a5 bxa5 36. Nd5 a4 37. Ncb4 Rb2 38. Nc6 a3 0

[Event "Open Nuevo Centro. Jornada 1"]
[Site "Chess.com"]
[Date "2020.06.19"]
[Round "2"]
[White "Gukasov, Artem"]
[Black "Blanco Solaz, Ram�n"]
[Result "0-1"]
[WhiteElo "1563"]
[BlackElo "1983"]
[TimeControl "180+2"]
[EndTime "10:52:14 PDT"]
[Termination "Victoria de Rbs77 por jaque mate"]

1. e4 c5 2. Nf3 g6 3. d4 cxd4 4. Nxd4 Nc6 5. Be3 Nf6 6. Nc3 Bg7 7. Be2 O-O 8. O-O d5 9. exd5 Nxd5 10. Nxd5 Qxd5 11.
c4 Qa5 12. Nxc6 bxc6 13. Bd4 e5 14. Bc3 Qc7 15. Qc2 Rd8 16. Bf3 f5 17. g3 e4 18. Bg2 Be6 19. b3 Rd3 20. Bxg7 Qxg7 21. Rad1 Rad8 22. Rxd3 Rxd3 23. Rd1 Qc3 24. Qxc3 Rxc3 25.
Rd6 Kf7 26. Rxc6 Rc1+ 27. Bf1 f4 28. Rc7+ Kf6 29. Rxh7 e3 30. fxe3 fxe3 31. Kg2 Bg4 32. Rxa7 e2 33. Bxe2 Bxe2 34. Kf2 Rc2 35. Ke3 Bg4 36.
h4 Ke5 37. Ra5+ Kd6 38. Rd5+ Ke6 39. Kf4 Bf5 40. a3 Rf2+ 41. Kg5 Rf3 42. Kh6 Rxb3 43.
a4 Rb4 44. a5 Rxc4 45. Rb5 Ra4 46. Rb6+ Ke5 47. a6 Ke4 48. Rb5 Kf3 49. Rb3+ Kg4 50. Rb6 Kxg3 51. Kg7 Kxh4 52. Kh6 g5 53. a7 Rxa7 54.
Rb4+ g4 55. Rb7 Ra6+ 56. Kg7 g3 57. Rb6 Rxb6 58. Kg8 g2 59. Kh8 Rb8+ 60. Kg7 g1=Q+ 61. Kf6 Qg5+ 62. Ke5 Bh3+ 63. Kd4 Rb4+ 64. Kd3 Qg3+ 65.
Kc2 Rf4 66. Kd1 Rf2 67. Ke1 Qg1# 0

[Event "Open Nuevo Centro. Jornada 1"]
[Site "Chess.com"]
[Date "2020.06.19"]
[Round "2"]
[White "Hassomal Daswani, Birjkumar"]
[Black "Deusa Ballesteros, Lucas "]
[Result "1-0"]
[WhiteElo "1837"]
[BlackElo "1452"]
[TimeControl "180+2"]
[EndTime "10:52:27 PDT"]
[Termination "Victoria de daz000007 por jaque mate"]

1. e4 e6 2. d4 d5 3. e5 c5 4. c3 Nc6 5. Nf3 Nge7 6. Be2 Nf5 7. O-O cxd4 8. cxd4 Be7 9. g4 Nh4 10. Nxh4 Bxh4 11.
a3 a5 12. Be3 O-O 13. Nc3 Bd7 14.
Bd3 g6 15. Bh6 Re8 16. Ne2 Bg5 17. Bxg5 Qxg5 18. h3 h5 19. Qc1 Qxc1 20. Raxc1 hxg4 21. hxg4 Rac8 22. Kg2 Na7 23. Ng1 Rxc1 24. Rxc1 Rc8 25. Rxc8+ Bxc8 26. Kf3 b5 27. Ke3 Kf8 28. g5 Bd7 29. Nf3 Nc8 30. Nh2 Nb6 31. b3 a4 32.
b4 Nc4+ 33. Bxc4 dxc4 34. Ng4 Bc6 35. Kd2 Ke7 36. Nf6 Bf3 37. Ke3 Bb7 38. f3 Ba8 39.
Ne4 Bc6 40. Nd6 Kf8 41. f4 Ke7 42. Kd2 Kf8 43. Kc3 Ke7 44. Nxc4 bxc4 45. Kxc4 Kd7 46. b5 Bd5+ 47. Kb4 Kc7 48. Kxa4 Kb6 49. Kb4 Bf3 50. a4 Be2 51. a5+ Kb7 52. Kc5 Bf3 53. a6+ Ka7 54. Kd6 Kb6 55. Ke7 Kxb5 56. a7 Kc4 57. Kxf7 Kxd4 58. Kxe6 Ke4 59. Kf6 Kxf4 60. e6 Bc6 61. e7 Ke4 62. a8=Q Bxa8 63. e8=Q+ Kd3 64. Qxa8 Kd2 65. Qf3 Kc1 66. Qe2 Kb1 67. Kxg6 Ka1 68.
Kf5 Kb1 69. g6 Kc1 70. g7 Kb1 71. g8=R Kc1 72. Rg1# 1

[Event "Open Nuevo Centro. Jornada 1"]
[Site "Chess.com"]
[Date "2020.06.19"]
[Round "2"]
[White "Garcia Trobat, Francisco"]
[Black "Bendayan Claros, Aaron"]
[Result "1-0"]
[WhiteElo "2222"]
[BlackElo "1645"]
[TimeControl "180+2"]
[EndTime "10:52:29 PDT"]
[Termination "Victoria de NoSure por tiempo"]

1. Nf3 d5 2. g3 c6 3. Bg2 Bg4 4.
O-O Nd7 5. d3 Ngf6 6. Nbd2 e5 7.
h3 Bh5 8. Qe1 Bd6 9. e4 O-O 10. a4 Re8 11. b3 Qc7 12. Bb2 Bg6 13. Nh4 Rad8 14. Nxg6 hxg6 15. Qe2 Qb6 16. Kh2 Qc7 17.
h4 Nf8 18. Bh3 Ne6 19. Nf3 dxe4 20. dxe4 Nc5 21. Ng5 Nh7 22. Nxh7 Kxh7 23. h5 gxh5 24. Qxh5+ Kg8 25. Bf5 g6 26. Qg4 Kf8 27. b4 Na6 28. Bc1 gxf5 29. Bh6+ Ke7 30. exf5 Rg8 31. f6+ Kxf6 32.
Qh4+ Ke6 33. f4 Kd7 34. fxe5 Bxe5 35. Rxf7+ Kc8 36. Rxc7+ Bxc7 37. Qh3+ Kb8 38. b5 Bxg3+ 39. Kh1 Nc7 40. bxc6 b6 41. Rb1 Rde8 42. Qf5 Re2 43.
Qf7 Rh2+ 44. Kg1 Rh8 45. Qg7 Bd6 46. Qxh8+ 1

[Event "Open Nuevo Centro. Jornada 1"]
[Site "Chess.com"]
[Date "2020.06.19"]
[Round "2"]
[White "Montesinos Diaz, Luis"]
[Black "Mart�nez Carvajal, Juan Francisco"]
[Result "1-0"]
[WhiteElo "1870"]
[BlackElo "1781"]
[TimeControl "180+2"]
[EndTime "10:52:36 PDT"]
[Termination "Victoria de Gwiso_06 por tiempo"]

1. d4 Nf6 2. Nf3 e6 3. e3 c5 4. b3 cxd4 5. exd4 Nc6 6. Bb2 d5 7. Nbd2 Bd6 8. Bd3 O-O 9. O-O Nb4 10. Be2 b6 11. a3 Nc6 12. c4 Bb7 13. Qc2 Rc8 14.
Ne5 Qe7 15. f4 Rfd8 16. Rf3 dxc4 17. bxc4 Bxe5 18. fxe5 Ne8 19. Rh3 g6 20. Nf3 Ng7 21. Qc3 Nf5 22. d5 exd5 23. cxd5 Ncd4 24. Qd2 Rc2 25. Qd1 Rxb2 26. Nxd4 Nxd4 27. Qxd4 Rxe2 28. d6 Qe6 29. Qh4 Rxg2+ 30. Kf1 Qf5+ 31. Ke1 h5 32. Qxd8+ Kg7 33. Qf6+ Qxf6 34. exf6+ Kxf6 35. Re3 Bc8 36. Rd1 Bd7 37. Re7 Bb5 38. Rxa7 Rxh2 39. Re7 Rh1+ 40. Kd2 Rh2+ 41. Kc1 h4 42. d7 Bxd7 43. Rexd7 h3 44. R7d2 Rxd2 45. Kxd2 g5 46. Ke2 g4 47. Kf2 Kg5 48.
Kg3 f5 49. Rf1 h2 50. Kxh2 f4 51. Kg2 Kf5 52. Re1 1

[Event "Open Nuevo Centro. Jornada 1"]
[Site "Chess.com"]
[Date "2020.06.19"]
[Round "2"]
[White "Gracia Calvo, Andres"]
[Black "Gerona Maura, Jesus"]
[Result "1-0"]
[WhiteElo "1839"]
[BlackElo "1507"]
[TimeControl "180+2"]
[EndTime "10:52:42 PDT"]
[Termination "Victoria de andresjaque21 por tiempo"]

1. d4 Nf6 2. Nf3 g6 3. Bf4 d6 4. e3 Bg7 5. Be2 Nbd7 6. c4 O-O 7. Nc3 c6 8. h3 Qb6 9. Qc2 a5 10.
O-O Re8 11. Rac1 e5 12. Bh2 e4 13. Nd2 d5 14. cxd5 cxd5 15. Na4 Qb4 16. a3 Qe7 17. Qc7 b6 18. Bb5 Ba6 19. Bxa6 Rxa6 20. Rc6 Raa8 21. Nxb6 Nxb6 22. Qxe7 Rxe7 23. Rxb6 Nd7 24. Rb7 Rc8 25. Bd6 Ree8 26. Rxd7 Rc2 27. Nb3 Rxb2 28. Nxa5 Ra8 29. Nc6 Rb6 30. Ne7+ Kh8 31. Bc5 Rb2 32. Nxd5 f5 33.
Nf4 g5 34. Ne6 Bf6 35. g3 Re8 36. Nc7 Rc8 37. Nd5 Bg7 38. Kg2 f4 39. gxf4 gxf4 40. Nxf4 Rg8 41. Kh2 Bh6 42. Ne6 Bxe3 43. d5 Bxc5 44.
Nxc5 e3 45. Re7 exf2 46. Rf7 Rc2 47. Ne6 Rc3 48. R1xf2 Rcg3 49. d6 Rxa3 50. d7 1

[Event "Open Nuevo Centro. Jornada 1"]
[Site "Chess.com"]
[Date "2020.06.19"]
[Round "2"]
[White "Kovacevic, Slobodan"]
[Black "Rodriguez Rodriguez, Joan David "]
[Result "1-0"]
[WhiteElo "2057"]
[BlackElo "1627"]
[TimeControl "180+2"]
[EndTime "10:52:59 PDT"]
[Termination "Victoria de nikko110 por tiempo"]

1. d4 d5 2. Bf4 Nf6 3. e3 c5 4. c3 Nc6 5. Nd2 Qb6 6. Qb3 c4 7. Qc2 Bg4 8. Ngf3 e6 9. Be2 Bf5 10. Qc1 h6 11. O-O Be7 12. Bd1 O-O 13. Bc2 Rac8 14. Re1 a5 15. h3 Ra8 16. a4 Rfe8 17.
e4 dxe4 18. Nxe4 Nxe4 19. Bxe4 Bxe4 20. Rxe4 Bf8 21. Nd2 Qa6 22. Qf1 Ne7 23. Qxc4 Qxc4 24. Nxc4 Nd5 25. Bg3 Rac8 26. Nxa5 b6 27. Nb3 g6 28.
Ra2 f5 29. Re1 f4 30. Bh2 g5 31. Nd2 Kf7 32. Nf3 Bg7 33. Kf1 Rc4 34. Bg1 Rec8 35. Nd2 R4c7 36. f3 Rb7 37. Bf2 b5 38. a5 Ra8 39. Ne4 Rba7 40. Rea1 Ra6 41. Ke2 Rc6 42. Kd3 Rcc8 43. Nd6+ Ke7 44. Nxc8+ Rxc8 45. a6 Ra8 46. a7 Kd7 47. Ra5 b4 48. c4 Nb6 49. Rb5 Kc7 50. Rxb4 Bf8 51. Rb5 Nd7 52. b3 Bd6 53. b4 Be7 54.
Ra4 Bd6 55. d5 exd5 56. Rxd5 Ne5+ 57. Kc3 1

[Event "Open Nuevo Centro. Jornada 1"]
[Site "Chess.com"]
[Date "2020.06.19"]
[Round "2"]
[White "Amor�s P�rez, Manuel David"]
[Black "Macias Pino, Diego"]
[Result "1/2-1/2"]
[WhiteElo "1642"]
[BlackElo "2165"]
[TimeControl "180+2"]
[EndTime "10:53:11 PDT"]
[Termination "Partida en tablas por mutuo acuerdo"]

1. e4 c6 2. Nf3 d5 3. exd5 cxd5 4. d4 Nc6 5. Bb5 Bg4 6. Bxc6+ bxc6 7. c3 e6 8. O-O Nf6 9. h3 Bh5 10. Bg5 Bd6 11.
Nbd2 h6 12. Bxf6 Qxf6 13. Qa4 Kd7 14. c4 Rhc8 15. cxd5 exd5 16. Rac1 Rc7 17. Rfe1 Qf4 18. g3 Qf6 19. Ne5+ Bxe5 20. Rxe5 Bg6 21. Rce1 Qd6 22. Re7+ Qxe7 23. Rxe7+ Kxe7 24. Qb4+ Ke8 25. Qc3 f6 26. g4 Bf7 27. b3 Be6 28. Qd3 Kf7 29. Nf3 g6 30. Nh4 Rg8 31. Kh2 Bc8 32. Qg3 Re7 33. Qd6 Bb7 34. Kg2 Rge8 35. Qb4 Ba8 36. Qc3 Re4 37. Qd3 f5 38. gxf5 Rxh4 39. fxg6+ Kg7 40.
Qa6 Re7 41. Qc8 Rh5 42. Qxa8 Rg5+ 43. Kf1 Rxg6 44. Qd8 Rge6 45. Qa5 Rf6 46. Qd2 Rfe6 47. Qc2 Re1+ 48. Kg2 R1e2 49. Qxc6 Rxa2 50. Qxd5 Ree2 51. Qd7+ Kf6 52. Qd8+ Kf7 53. Qd5+ Ke7 54. Qc5+ Kd7 55. Qb5+ Ke7 56. Qc5+ Kd7 57. d5 Kd8 58. d6 Rec2 59. Qd4 Kd7 60. Qf6 Re2 61. Qf3 Rxf2+ 62. Qxf2 Rxf2+ 63. Kxf2 Kxd6 64. Ke3 Kc5 65. Kd3 Kb4 66. Kc2 h5 67. Kb2 a5 68. Kc2 Kb5 69. Kc3 Kc5 70.
Kd3 h4 71. Kc3 Kb5 72. Kc2 Kc5 73. Kc3 Kd5 74. Kd3 Ke5 75. Ke3 Kd6 76. Kd4 Kc6 77.
Kc4 Kb6 78. Kd4 Kb5 79. Kc3 Kc5 80. Kd3 Kb4 81. Kc2 1/2-1

[Event "Open Nuevo Centro. Jornada 1"]
[Site "Chess.com"]
[Date "2020.06.19"]
[Round "2"]
[White "Luque Saiz, Andres"]
[Black "Campos Gambuti, Luis Mar�a"]
[Result "0-1"]
[WhiteElo "1693"]
[BlackElo "2323"]
[TimeControl "180+2"]
[EndTime "10:53:16 PDT"]
[Termination "Victoria de Tangalangafacv por abandono"]

1. e4 d5 2. exd5 Qxd5 3. d4 e5 4. dxe5 Qxd1+ 5. Kxd1 Nc6 6. Bb5 Bd7 7. f4 Nxe5 8. Bxd7+ Nxd7 9. Nf3 O-O-O 10. Ke2 Bc5 11. Rd1 Nh6 12. Nc3 Ng4 13. h3 Rhe8+ 14. Kf1 Ne3+ 15.
Bxe3 Bxe3 16. Nd5 Bc5 17. Re1 c6 18. Nc3 Be3 19. g3 f6 20. Re2 Bc5 21. Ne4 Bf8 22. Rd1 Nb6 23. Nd6+ Bxd6 24. Rxe8 Rxe8 25. Rxd6 Nd5 26.
Nd4 Kc7 27. Re6 Kd7 28. Rxe8 Kxe8 29. c3 g6 30. Ke2 Ke7 31. Kd3 Kd6 32. a3 a6 33. h4 h5 34. Nf3 c5 35. Nd2 b6 36. c4 Ne7 37. Ne4+ Ke6 38. b4 cxb4 39. axb4 Nc6 40. b5 axb5 41. cxb5 Ne7 42. Kd4 Nd5 43. Nd2 Nc7 44. Kc4 Kf5 45. Kb4 Nd5+ 46. Kc4 Ne7 47. Kd4 Kg4 48. Ne4 f5 49. Nc3 Kxg3 50.
Nd5 Nxd5 51. Kxd5 Kxf4 52. Kc6 Ke3 53. Kxb6 f4 54. Kc6 f3 55. b6 f2 56. b7 f1=Q 57.
b8=Q Qf3+ 58. Kd7 Qf5+ 59. Kc6 Kf3 60. Qh2 Qe4+ 61. Kb5 Qe2+ 62. Qxe2+ Kxe2 63. Kc5 Kf3 64. Kd5 Kg4 65. Ke5 Kxh4 66. Kf4 g5+ 67. Kf3 g4+ 68.
Kf4 Kh3 69. Ke3 Kh2 70. Kf2 g3+ 71. Kf3 g2 0

[Event "Open Nuevo Centro. Jornada 1"]
[Site "Chess.com"]
[Date "2020.06.19"]
[Round "2"]
[White "Garcia, Jhoel"]
[Black "Gimeno Higueras, Roberto"]
[Result "1/2-1/2"]
[WhiteElo "2323"]
[BlackElo "2058"]
[TimeControl "180+2"]
[EndTime "10:53:44 PDT"]
[Termination "Partida en tablas por material insuficiente"]

1. d4 Nf6 2. c4 e6 3. Nc3 Bb4 4. e3 O-O 5. Bd3 c5 6. a3 Bxc3+ 7. bxc3 d6 8. Ne2 Nc6 9. O-O b6 10. d5 Ne5 11. e4 Ba6 12. f4 Nxd3 13. Qxd3 exd5 14. exd5 Qd7 15. a4 Rae8 16. Ng3 Qg4 17. Bd2 h5 18. h3 Bxc4 19. Qxc4 Qxg3 20. Rf3 Qg6 21. f5 Qh7 22. Re1 Rxe1+ 23. Bxe1 Re8 24. Bg3 Ne4 25. Qb5 Kf8 26. Qd7 Qh6 27. f6 gxf6 28. Bxd6+ Nxd6 29. Qxd6+ Kg7 30. Rg3+ Kh7 31. Qd7 Rf8 32.
Qf5+ Kh8 33. d6 h4 34. Rg4 Qe3+ 35. Kh2 Qe5+ 36. Qxe5 fxe5 37. Rxh4+ Kg7 38. Re4 Kf6 39. g4 Rd8 40. Kg3 Rxd6 41. Re3 c4 42. Rf3+ Kg6 43. Kf2 Rd2+ 44. Ke1 Rd3 45. Rf5 f6 46. h4 Rxc3 47. h5+ Kg7 48. g5 fxg5 49. Rxg5+ Kf6 50. Rg6+ Kf7 51. Rg5 Ra3 52. h6 Rh3 53. Rxe5 Rxh6 54. Kd2 Kf6 55. Rb5 Rh3 56. a5 Rb3 57. Rh5 bxa5 58.
Rxa5 Rb7 59. Kc3 Ke6 60. Kxc4 Kd6 61. Ra6+ Kc7 62. Kc5 Kb8 63. Rh6 Rc7+ 64. Kb5 Kb7 65. Ka5 Rg7 66. Rh5 a6 67. Rc5 Rc7 68. Rxc7+ Kxc7 69. Kxa6 1/2-1

[Event "Open Nuevo Centro. Jornada 1"]
[Site "Chess.com"]
[Date "2020.06.19"]
[Round "2"]
[White "Granero Roca, Antonio"]
[Black "Castellano L�pez, Javier"]
[Result "1-0"]
[WhiteElo "2523"]
[BlackElo "1747"]
[TimeControl "180+2"]
[EndTime "10:53:53 PDT"]
[Termination "Victoria de Somtor por jaque mate"]

1. Nf3 Nf6 2. g3 d5 3. Bg2 Bg4 4. O-O e6 5. d4 Be7 6. c3 Nbd7 7.
Bf4 O-O 8. Nbd2 c6 9. h3 Bh5 10. g4 Bg6 11. Qb3 Qb6 12. Rfe1 h6 13. Ne5 Nxe5 14. Bxe5 Rfd8 15. e3 Nd7 16. Bg3 Rac8 17. c4 Qxb3 18. axb3 Bb4 19. Red1 Bc2 20. Rdc1 Bxd2 21.
Rxc2 Bb4 22. Rxa7 b6 23. cxd5 exd5 24. Bxd5 cxd5 25. Rxc8 Rxc8 26. Rxd7 Rc1+ 27. Kg2 Rb1 28. Rxd5 Rxb2 29. Rb5 Ba5 30. Bd6 Be1 31. Bg3 Ba5 32.
Kf3 Rc2 33. Ke4 Be1 34. Rxb6 Bxf2 35. Bxf2 Rxf2 36. b4 Kf8 37. b5 Ke7 38. Rb7+ Kd6 39. h4 g6 40. h5 f5+ 41. gxf5 gxf5+ 42. Kd3 Rh2 43. Rf7 Rxh5 44. b6 Rh1 45. Rxf5 Kc6 46. Rf6+ Kb7 47. Ke4 h5 48. Ke5 h4 49. e4 h3 50. Rh6 h2 51. d5 Kc8 52. Rh7 Kb8 53.
d6 Kc8 54. b7+ Kb8 55. d7 Rd1 56. Rxh2 Rxd7 57. Rb2 Re7+ 58. Kd5 Rd7+ 59. Ke6 Rc7 60. e5 Rc6+ 61. Kf7 Rc7+ 62. Kf6 Rc6+ 63. e6 Rc1 64. Rb5 Rf1+ 65. Rf5 Re1 66. e7 Kxb7 67.
Re5 Rf1+ 68. Ke6 Rc1 69. e8=Q Rc6+ 70. Kf5 Rc7 71. Qb5+ Ka7 72. Qa5+ Kb7 73. Rb5+ Kc6 74. Rb6+ Kd7 75. Qd5+ Kc8 76. Qe6+ Kd8 77. Rb8+ Rc8 78. Rxc8# 1

[Event "Open Nuevo Centro. Jornada 1"]
[Site "Chess.com"]
[Date "2020.06.19"]
[Round "2"]
[White "Romero Barkouk, Rayan "]
[Black "Morata Briones, Carlos"]
[Result "1-0"]
[WhiteElo "1102"]
[BlackElo "543"]
[TimeControl "180+2"]
[EndTime "10:54:41 PDT"]
[Termination "Victoria de rayan66 por jaque mate"]

1. d4 d5 2. Nf3 Bf5 3. Nc3 e6 4. Bg5 f6 5. Bf4 Nc6 6. e3 Bd6 7. Bxd6 Qxd6 8. Bb5 a6 9. Bxc6+ Qxc6 10. O-O Nh6 11.
Qe2 O-O 12. a3 Be4 13. Nxe4 dxe4 14. Nd2 e5 15. dxe5 fxe5 16. Qc4+ Qxc4 17. Nxc4 Rf7 18. Nxe5 Rf5 19. Nd7 Rd8 20. Rad1 Re8 21. f4 Ng4 22. Rfe1 Rh5 23. h3 Nf6 24. Nxf6+ gxf6 25. Kh2 Re6 26. g4 Rc5 27. Rd8+ Kg7 28. Rd7+ Kh6 29. f5 Rd6 30. Rxd6 cxd6 31. c3 b5 32. Rg1 d5 33.
h4 Kg7 34. g5 fxg5 35. Rxg5+ Kf6 36. Rh5 Kg7 37. Rg5+ Kf6 38. Rg8 Kf7 39. Ra8 Kf6 40.
Rxa6+ Kxf5 41. Rh6 Rc7 42. Rh5+ Kg4 43. Rg5+ Kxh4 44. Rxd5 Rb7 45. Rd4 Re7 46. Rb4 Rb7 47.
Rxe4+ Kg5 48. Re5+ Kf6 49. Rc5 Ke6 50. c4 Kd6 51.
Rxb5 Rc7 52. Rb6+ Kc5 53. Rb4 Rc6 54. b3 Rh6+ 55. Kg2 Rg6+ 56. Kf2 Rf6+ 57. Ke2 h5 58. Rb5+ Kc6 59. Rxh5 Kb6 60. c5+ Kc6 61. b4 Kb5 62. a4+ Kxa4 63. Kd3 Kxb4 64. Kd4 Kb5 65. e4 Kc6 66. e5 Rf4+ 67. Kd3 Rf3+ 68. Ke4 Rf7 69. e6 Re7 70. Ke5 Kxc5 71. Kf6+ Kd6 72. Re5 Ra7 73. e7 Ra6 74. e8=Q Kc7+ 75. Re6 Rxe6+ 76. Qxe6 Kb7 77. Ke5 Kc7 78. Kd5 Kd8 79. Qf7 Kc8 80. Kc6 Kd8 81. Qd7# 1

[Event "Open Nuevo Centro. Jornada 1"]
[Site "Chess.com"]
[Date "2020.06.19"]
[Round "3"]
[White "Serradilla Revert, Rodrigo"]
[Black "Maestre Soler, Sergio"]
[Result "0-1"]
[WhiteElo "647"]
[BlackElo "963"]
[TimeControl "180+2"]
[EndTime "10:57:55 PDT"]
[Termination "Victoria de Sergiete2011 por jaque mate"]

1. d4 e6 2. e4 Nf6 3. Nc3 Bb4 4. a3 Bxc3+ 5. bxc3 Nc6 6. Nf3 O-O 7. Bc4 d5 8. exd5 exd5 9. Bb3 Bg4 10. h3 Bxf3 11. gxf3 h6 12. c4 dxc4 13. Bxc4 Re8+ 14. Kf1 Nxd4 15.
Bd3 Qd5 16. c4 Qxf3 17. Qd2 Qxh1# 0

[Event "Open Nuevo Centro. Jornada 1"]
[Site "Chess.com"]
[Date "2020.06.19"]
[Round "3"]
[White "Gimeno Higueras, Roberto"]
[Black "Cin� Asensio, Luca "]
[Result "1-0"]
[WhiteElo "2058"]
[BlackElo "398"]
[TimeControl "180+2"]
[EndTime "10:58:14 PDT"]
[Termination "Victoria de Chicogrande2 por jaque mate"]

1. e4 e5 2. Nf3 Nc6 3. Bb5 d6 4. O-O Be7 5. d4 exd4 6. Nxd4 a6 7. Bxc6+ bxc6 8. Nxc6 Qd7 9. Nxe7 Qxe7 10. Nc3 Nf6 11. Bg5 O-O 12. Nd5 Qe5 13. Nxf6+ gxf6 14. Bh6 Re8 15. Re1 Qe6 16. Re3 f5 17. Rg3+ Kh8 18. Qh5 Qe5 19. Qxf7 Re7 20. Qg8# 1

[Event "Open Nuevo Centro. Jornada 1"]
[Site "Chess.com"]
[Date "2020.06.19"]
[Round "3"]
[White "Montesinos Diaz, Luis"]
[Black "Sanchez Saez, Francisco"]
[Result "0-1"]
[WhiteElo "1835"]
[BlackElo "2277"]
[TimeControl "180+2"]
[EndTime "10:58:31 PDT"]
[Termination "Victoria de Pacman1995 por jaque mate"]

1. d4 g6 2. Nf3 Bg7 3. c3 Nf6 4. Bg5 O-O 5. Nbd2 d5 6. h4 h5 7.
Qc2 c6 8. e4 dxe4 9. Nxe4 Bf5 10. Nxf6+ exf6 11. Qb3 fxg5 12. Qxb7 Nd7 13. hxg5 Re8+ 14.
Kd1 Rb8 15. Qxc6 Rxb2 16. Bc4 Rxf2 17. Re1 Bc2+ 18. Kc1 Rxe1+ 19. Nxe1 Qxg5+ 20. Kb2 Be4+ 21. Ka3 Bxc6 22. Nd3 Qa5+ 23. Kb3 Qa4# 0

[Event "Open Nuevo Centro. Jornada 1"]
[Site "Chess.com"]
[Date "2020.06.19"]
[Round "3"]
[White "Rodriguez Rodriguez, Joan David "]
[Black "Ferrando Lacruz, Nicol�s "]
[Result "1-0"]
[WhiteElo "1629"]
[BlackElo "1155"]
[TimeControl "180+2"]
[EndTime "10:58:47 PDT"]
[Termination "Victoria de Not_Jr_chess por jaque mate"]

1. d4 g6 2. c4 Nf6 3. Nc3 Bg7 4. e4 d6 5. Nf3 O-O 6. Be2 e5 7. dxe5 dxe5 8. Qxd8 Rxd8 9. Bg5 Re8 10. O-O Bg4 11.
Bxf6 Bxf6 12. Nd5 Bg7 13. Nxc7 Bxf3 14. Bxf3 Nd7 15. Rad1 Nb6 16. c5 Red8 17. cxb6 Rac8 18. Rxd8+ Rxd8 19. bxa7 Bf6 20. a8=Q Rxa8 21. Nxa8 b6 22.
Nxb6 h5 23. Nd7 Be7 24. Rc1 Bc5 25. Rxc5 g5 26. Nxe5 f6 27. Bxh5 fxe5 28. Rc7 Kf8 29. a4 g4 30. a5 g3 31. a6 gxh2+ 32. Kxh2 Kg8 33. a7 Kh8 34. a8=Q# 1

[Event "Open Nuevo Centro. Jornada 1"]
[Site "Chess.com"]
[Date "2020.06.19"]
[Round "3"]
[White "Simarro Peir�, Andr�s"]
[Black "Deusa Ballesteros, Luis Miguel"]
[Result "1-0"]
[WhiteElo "1188"]
[BlackElo "1502"]
[TimeControl "180+2"]
[EndTime "10:59:12 PDT"]
[Termination "Victoria de AndresSP24 por abandono"]

1. e4 d5 2. exd5 Nf6 3. Nc3 Nxd5 4. Nxd5 Qxd5 5. Nf3 Bg4 6. Be2 e6 7. c4 Qd8 8. h3 Bh5 9. Qb3 Qc8 10. Qb5+ c6 11.
Qxh5 Be7 12. Ne5 O-O 13. Bd3 h6 14. Qg4 Bf6 15. Qe4 g6 16. Nxg6 fxg6 17. Qxg6+ Bg7 18.
Qh7+ Kf7 19. Bg6+ Kf6 20. b3 Nd7 21. Bb2+ e5 22. d4 Qe8 23. Bxe8 1

[Event "Open Nuevo Centro. Jornada 1"]
[Site "Chess.com"]
[Date "2020.06.19"]
[Round "3"]
[White "Pitarch Soriano, Pablo"]
[Black "Elenkov Olmo, Ivan"]
[Result "1-0"]
[WhiteElo "1079"]
[BlackElo "792"]
[TimeControl "180+2"]
[EndTime "10:59:50 PDT"]
[Termination "Victoria de PAPISOedapa por abandono"]

1. e4 e5 2. Nc3 Nf6 3. Nf3 Nc6 4. Bc4 h6 5. O-O Bc5 6. d3 O-O 7. Be3 b6 8. Bxc5 bxc5 9. Na4 Bb7 10. Nxc5 d5 11. Nxb7 Qb8 12. exd5 Qxb7 13. dxc6 Qxc6 14. Nxe5 Qd6 15. Re1 Rfe8 16. d4 c5 17. Bb5 Re7 18. Nc6 Rxe1+ 19. Qxe1 Qf8 20. dxc5 Re8 21. Qd1 Ne4 22.
f3 Nxc5 23. Nxa7 Rd8 24. Qf1 Ne6 25. Nc6 Rd5 26. a4 Nc7 27. Bc4 Rc5 28. Nd4 Ne6 29. Bxe6 fxe6 30. Nxe6 1

[Event "Open Nuevo Centro. Jornada 1"]
[Site "Chess.com"]
[Date "2020.06.19"]
[Round "3"]
[White "Torres Biosca, Roberto"]
[Black "Perrot, Fabien "]
[Result "0-1"]
[WhiteElo "670"]
[BlackElo "979"]
[TimeControl "180+2"]
[EndTime "11:00:03 PDT"]
[Termination "Victoria de InspiredMinds por jaque mate"]

1. e4 e5 2. Bc4 Nf6 3. d3 Bc5 4. Bg5 O-O 5. Bxf6 Qxf6 6. Nh3 d6 7. O-O Qg6 8. Qf3 Nc6 9. Nd2 Nd4 10. Qe3 Nxc2 11. Qf3 Nxa1 12. g3 Bxh3 13. Rxa1 Rae8 14.
Rc1 Bb6 15. Rc2 c6 16. Nb3 Bd8 17. Na5 Bxa5 18. Rc1 Bd8 19. Rd1 Qf6 20. Re1 Qxf3 21. Rf1 Qg2# 0

[Event "Open Nuevo Centro. Jornada 1"]
[Site "Chess.com"]
[Date "2020.06.19"]
[Round "3"]
[White "Clement G�mez, Jos� Antonio"]
[Black "Movsisyan, Tigran"]
[Result "1-0"]
[WhiteElo "2490"]
[BlackElo "1888"]
[TimeControl "180+2"]
[EndTime "11:00:17 PDT"]
[Termination "Victoria de P4AD por abandono"]

1. c4 c6 2. g3 e6 3. Bg2 d5 4. Nf3 Nf6 5. O-O Be7 6. d4 O-O 7. Nbd2 Nbd7 8. Qc2 Rb8 9. b3 dxc4 10. Nxc4 c5 11. Bf4 Ra8 12. Rad1 Nd5 13. Bd6 cxd4 14. Nxd4 Bxd6 15. Nxd6 N7f6 16. Nxc8 Rxc8 17. Qb2 Qb6 18.
e3 h6 19. h3 Rfd8 20. a3 Nc3 21. Rc1 Ncd5 22. b4 a5 23. b5 Qc6 24. bxc6 1

[Event "Open Nuevo Centro. Jornada 1"]
[Site "Chess.com"]
[Date "2020.06.19"]
[Round "3"]
[White "Borissov, Juli�n"]
[Black "Garcia Trobat, Francisco"]
[Result "0-1"]
[WhiteElo "1841"]
[BlackElo "2225"]
[TimeControl "180+2"]
[EndTime "11:00:20 PDT"]
[Termination "Victoria de NoSure por tiempo"]

1. e4 c5 2. Nf3 d6 3. d4 cxd4 4. Nxd4 Nf6 5. Nc3 a6 6. Bg5 Nbd7 7. Qd2 Qc7 8. O-O-O e6 9. Bd3 Be7 10. f4 b5 11.
Rhe1 O-O 12. e5 dxe5 13. fxe5 Nxe5 14. Bf4 Nxd3+ 15. cxd3 Bd6 16. Bxd6 Qxd6 17. Nf3 Bb7 18. Ne4 Qd8 0